 Dungeon Crawl Stone Soup version 0.31-a0-986-g5e6e4ef867 (webtiles) character file.

Game seed: 2225259541550504295

695 Naiya55 the Chopper (level 7, -2/56 (58) HPs)
             Began as a Formicid Fighter on Nov 5, 2023.
             Was an Initiate of Okawaru.
             Slain by an orc priest
             ... wielding a +1 short sword of draining
              (4 damage)
             ... on level 5 of the Dungeon.
             The game lasted 00:04:22 (2792 turns).

Naiya55 the Chopper (Formicid Fighter)              Turns: 2792, Time: 00:04:23

HP:   -2/56 (58)    AC:  9    Str: 22    XL:     7   Next: 96%
MP:   7/7           EV:  9    Int:  8    God:    Okawaru [......]
Gold: 273           SH:  0    Dex: 13    Spells: 6/6 levels left

rFire   . . .        a - +0 war axe
rCold   . . .        c - +0 buckler
rNeg    . . .        b - +0 scale mail
rPois   .            (helmet unavailable)
rElec   .            f - +0 cloak
rCorr   .            p - +0 pair of gloves
SInv    +            (no boots)
Will    .....        (no amulet) Stlth
                     (no ring)
HPRegen 0.29/turn    (no ring)
MPRegen 0.10/turn

%: no passive effects
@: confused, mighty, lightly drained
A: permanent stasis, dig shafts and tunnels, antennae 3, four strong arms
a: Dig, Shaft Self, Renounce Religion


You were on level 5 of the Dungeon.
You worshipped Okawaru.
Okawaru was noncommittal.
You visited 2 branches of the dungeon, and saw 6 of its levels.

You collected 273 gold pieces.

Inventory:

Hand Weapons
 a - a +0 war axe (weapon)
Armour
 b - a +0 scale mail (worn)
 c - a +0 buckler (worn)
 f - a +0 cloak (worn)
 p - a +0 pair of gloves (worn)
Jewellery
 k - a ring of fire
 s - a +4 ring of protection
Wands
 i - a wand of polymorph (14)
 t - a wand of flame (23)
Scrolls
 g - a scroll of silence {unknown}
 h - 4 scrolls of identify {unknown}
 j - a scroll of teleportation {unknown}
 o - a scroll of fear {unknown}
 q - a scroll of revelation {unknown}
Potions
 e - a potion of mutation {unknown}
 l - 2 potions of ambrosia {unknown}
 m - 2 potions of heal wounds {unknown}
 n - a potion of degeneration {unknown}
 r - a potion of haste {unknown}


   Skills:
 + Level 6.1 Fighting
 * Level 6.9 Axes
 - Level 3.2 Armour
 - Level 4.0 Shields


You had 6 spell levels left.
You didn't know any spells.
Your spell library contained the following spells:

 Spells                   Type           Power      Damage    Failure   Level
 Freeze                   Ice            0%         1d3       80%         1
 Wereblood                Tmut           0%         N/A       91%         2
 Frozen Ramparts          Ice            0%         1d1       99%         3
 Hailstorm                Conj/Ice       0%         3d3       99%         3
 Irradiate                Conj/Tmut      0%         3d11      100%        5


Dungeon Overview and Level Annotations

Branches:
Dungeon (5/15)             Temple (1/1) D:4

Altars:
Ashenzari
Cheibriados
Dithmenos
Elyvilon
Fedhas
Gozag
Hepliaklqana
Kikubaaqudgha
Nemelex Xobeh
Okawaru
Qazlal
Ru
Sif Muna
Trog
Uskayaw
Vehumet
Wu Jian
Xom
Yredelemnul
Zin


Innate Abilities, Weirdness & Mutations

You cannot be hasted, slowed, berserked, paralysed or teleported.
You can dig through walls and to a lower floor.
You have a pair of large antennae on your head. (SInv)
Your four strong arms can wield two-handed weapons with a shield.


Message History

The orc wizard hits you but does no damage.
An adder comes into view.
Found 9 gold pieces.
Found a stone staircase leading down.
The adder hisses angrily.
An iguana comes into view.
The iguana hisses angrily.
The orc priest looks satisfied for a moment.
You're too confused to move!
The orc wizard points at you and mumbles some strange words.
You are more confused.
You can't go up here!
You're too confused to move!
The adder bites you but does no damage.
The orc priest calls down the wrath of Beogh upon you.
Beogh smites you! The adder barely misses you.
Found a scroll labelled CUUPRAN METRAD.
The adder bites you but does no damage.
There is a stone staircase leading up here.
The orc priest hits you but does no damage.
You feel drained. The adder bites you but does no damage. The iguana bites you!
* * * LOW HITPOINT WARNING * * *
In your confused state, you trip and fall back down the stairs.
* * * LOW HITPOINT WARNING * * *
The adder bites you but does no damage.
The orc priest hits you but does no damage.
You feel drained.
The iguana bites you but does no damage.
You feel very mighty all of a sudden. The adder bites you but does no damage.
The orc priest mumbles some strange prayers to Beogh against you.
Beogh smites you!
* * * LOW HITPOINT WARNING * * *
The adder closely misses you.
The orc wizard points at you and mumbles some strange words.
The puff of flame misses you.
The iguana bites you but does no damage.
You miss the orc priest.
The orc priest is lightly wounded.
You miss the adder. You closely miss the iguana.
You closely miss the orc wizard.
The orc priest hits you with a +1 short sword of draining.
You die...

. #.# . #.# # .
###.##### .# .###
#.......#####.# ...#
####)..........$.#
...###...)............##
...##..######..........#
...............olo......
....#########..S@......#
....# #.......>..# ....#
#..........# ....#
##........## #####
#........# ##
..........# .##
#........... ..###
#.?......... #...#####


You could see an iguana, an orc priest, an orc wizard (invisible) and an adder.

Vanquished Creatures
  Grinder (D:4)
  2 ogres (D:5)
  A scorpion (D:4)
  2 hounds
  A jelly (D:4)
  Jessica (D:2)
  An orc wizard (D:3)
  3 adders
  A white imp (D:5)
  2 worms (D:2)
  2 dart slugs
  9 orcs
  3 endoplasms
  3 giant cockroaches
  7 goblins
  7 hobgoblins
  6 jackals
  12 kobolds
  6 quokkas
  5 ball pythons
  7 bats
  4 frilled lizards
  3 rats (D:1)
89 creatures vanquished.

Notes
Turn   | Place    | Note
-------+----------+-------------------------------------------
     0 | D:1      | Naiya55 the Formicid Fighter began the quest for the Orb.
     0 | D:1      | Reached XP level 1. HP: 18/18 MP: 1/1
    72 | D:1      | Reached XP level 2. HP: 19/24 MP: 2/2
   239 | D:1      | Reached XP level 3. HP: 23/30 MP: 3/3
   854 | D:2      | Reached XP level 4. HP: 37/37 MP: 4/4
   975 | D:2      | Noticed Jessica
   985 | D:2      | Killed Jessica
  1124 | D:2      | Reached XP level 5. HP: 42/42 MP: 5/5
  1526 | D:3      | Found a hide-covered altar of Uskayaw.
  1619 | D:3      | Found a glowing silver altar of Zin.
  1892 | D:4      | Noticed Grinder
  1897 | D:4      | Killed Grinder
  1898 | D:4      | Reached skill level 5 in Fighting
  1898 | D:4      | Reached skill level 5 in Axes
  1898 | D:4      | Reached XP level 6. HP: 43/51 MP: 6/6
  2000 | D:4      | Reached XP level 7. HP: 47/56 MP: 7/7
  2152 | D:4      | Found a staircase to the Ecumenical Temple.
  2174 | Temple   | Entered the Ecumenical Temple
  2187 | Temple   | Became a worshipper of Warmaster Okawaru
  2259 | D:4      | Found an ornate altar of the Wu Jian Council.
  2314 | D:5      | Entered Level 5 of the Dungeon
  2791 | D:5      | HP: 2/56 [orc priest/divine providence (10)]
  2792 | D:5      | Slain by an orc priest

Illustrated notes

Levels and vault maps discovered:
D:1:      dpeg_arrival_tiny_i, layout_basic
D:2:      layout_basic, uniq_jessica
D:3:      layout_rooms, mainiacjoe_overflow_catwalk_spiral, serial_glass,
          glass_columns_a, glass_columns_c
D:4:      layout_rooms, mainiacjoe_overflow_alcove_2,
          minmay_temple_entry_sparse_star, uniq_grinder
D:5:      layout_rooms, makhleb_blood_cavern_becter, uniq_eustachio
Temple:   bh_familiar_temple

Skill      XL: |  1  2  3  4  5  6  7 |
---------------+----------------------+-----
Axes           | 3 4 5 6 |  6.9
Fighting       | 4 5 6 |  6.1
Armour         | |  3.2
Shields        | |  4.0

Action                     |  1- 3 |  4- 6 |  7- 9 || total
---------------------------+-------+-------+-------++-------
  Melee: War axe           |    86 |    99 |    52 ||   237
    Use: Potion            |       |     1 |     1 ||     2
 Armour: Scale mail        |    67 |    64 |    38 ||   169
  Dodge: Dodged            |    38 |    52 |    25 ||   115
  Block: Buckler           |    29 |    31 |    12 ||    72

Table legend: (Time is in decaauts)
 A = Elapsed time spent in this place.
 B = Non-inter-level travel time spent in this place.
 C = Inter-level travel time spent in this place.
 D = Time resting spent in this place.
 E = Time spent auto-exploring this place.
 F = Levels seen in this place.
 G = Mean time per level.
                   A        B        C        D        E       F      G
               +--------+--------+--------+--------+--------+-----+--------+
         Total |   2868 |   2819 |     49 |    273 |   1882 |   6 |  478.0 |
       Dungeon |   2843 |   2804 |     39 |    273 |   1882 |   5 |  568.6 |
        Temple |     24 |     14 |     10 |      0 |      0 |   1 |   24.0 |
               +--------+--------+--------+--------+--------+-----+--------+

Top non-repeatable levels by time:
     D:2: 706 daAuts
     D:1: 669 daAuts
     D:4: 662 daAuts
     D:3: 553 daAuts
     D:5: 252 daAuts
  Temple: 24 daAuts
